 Dungeon Crawl Stone Soup version 0.21.1-1-g345015f (webtiles) character file.

112 RedSatellite the Charmwright (level 4, -3/38 HPs)
             Began as a Gnoll Skald on June 14, 2018.
             Slain by Ethylacetat's ghost (9 damage)
             ... on level 3 of the Dungeon.
             The game lasted 00:20:32 (2229 turns).

RedSatellite the Charmwright (Gnoll Skald)          Turns: 2229, Time: 00:20:33

Health: -3/38      AC:  9    Str: 15    XL:     4   Next: 95%
Magic:  7/11       EV:  8    Int: 15    God:
Gold:   33         SH:  0    Dex: 14    Spells: 12/13 levels left

rFire    . . .     SeeInvis .   a - +0 hand axe
rCold    . . .     Gourm    .   (no shield)
rNeg     . . .     Faith    .   p - +0 chain mail
rPois    +         Spirit   .   (no helmet)
rElec    .         Reflect  .   (no cloak)
rCorr    .         Harm     +   (no gloves)
MR       +....                  (no boots)
Stlth    ..........             j - amulet of harm
HPRegen  0.12/turn              m - ring of poison resistance
MPRegen  0.12/turn              n - ring of protection from magic

@: infused
A: distributed training, fangs 1, strong nose
a: no special abilities


You were on level 3 of the Dungeon.
You were hungry.

You visited 1 branch of the dungeon, and saw 3 of its levels.

You collected 33 gold pieces.

Inventory:

Hand Weapons
 a - a +0 hand axe (weapon)
 r - a +0 war axe
Armour
 b - a +0 leather armour
 f - a +0 ring mail
 p - a +0 chain mail (worn)
Jewellery
 j - an amulet of harm (around neck)
 m - a ring of poison resistance (left hand)
 n - a ring of protection from magic (right hand)
 q - an uncursed ring of stealth {unknown}
Scrolls
 e - a scroll of teleportation {unknown}
 g - 4 scrolls of remove curse {unknown}
 k - 4 scrolls of identify {unknown}
 o - a scroll of blinking {unknown}
Potions
 h - 2 potions of agility {unknown}
 i - 2 potions of curing
 l - a potion of might {unknown}
Books
 c - a book of Battle

   Spells                             Type                      Level
   a - Infusion                       Charms                       1
   b - Shroud of Golubria             Charms/Translocation         2
   c - Song of Slaying                Charms                       2
   d - Spectral Weapon                Hexes/Charms                 3
   e - Regeneration                   Charms/Necromancy            3
Comestibles
 d - 3 rations
 s - 9 chunks of flesh


   Skills:
 + Level 4.7 Fighting
 + Level 1.2 Short Blades
 + Level 1.2 Long Blades
 + Level 4.7 Axes
 + Level 1.2 Maces & Flails
 + Level 1.2 Polearms
 + Level 1.2 Staves
 + Level 1.2 Slings
 + Level 1.2 Bows
 + Level 1.2 Crossbows
 + Level 1.2 Throwing
 + Level 2.8 Armour
 + Level 4.7 Dodging
 + Level 1.2 Stealth
 + Level 1.2 Shields
 + Level 1.2 Unarmed Combat
 + Level 5.1 Spellcasting
 + Level 1.0 Conjurations
 + Level 1.0 Hexes
 + Level 5.5 Charms
 + Level 1.0 Summonings
 + Level 1.0 Necromancy
 + Level 1.0 Translocations
 + Level 1.0 Transmutations
 + Level 1.0 Fire Magic
 + Level 1.0 Ice Magic
 + Level 1.0 Air Magic
 + Level 1.0 Earth Magic
 + Level 1.0 Poison Magic
 + Level 1.4 Invocations
 + Level 1.2 Evocations


You had 12 spell levels left.
You knew the following spells:

 Your Spells              Type           Power        Failure   Level  Hunger
a - Infusion              Chrm           ###.         34%         1    None


Dungeon Overview and Level Annotations

Branches:
Dungeon (3/15)

Altars:

Annotations:
D:3 Ethylacetat's ghost, amateur DrTm


Innate Abilities, Weirdness & Mutations

Your experience applies equally to all skills.
You have very sharp teeth.
Your uncanny sense of smell can sniff out nearby items.


Message History

Your chain mail prevents you from hitting Ethylacetat's ghost.
Ethylacetat's ghost hits you.
You hit Ethylacetat's ghost.
Ethylacetat's ghost is lightly damaged.
Ethylacetat's ghost hits you.
You closely miss Ethylacetat's ghost.
Ethylacetat's ghost is lightly damaged.
Ethylacetat's ghost hits you but does no damage.
You closely miss Ethylacetat's ghost.
Ethylacetat's ghost is lightly damaged.
Ethylacetat's ghost hits you but does no damage.
You hit Ethylacetat's ghost!
Ethylacetat's ghost is heavily damaged.
Ethylacetat's ghost barely misses you.
Your chain mail prevents you from hitting Ethylacetat's ghost.
Ethylacetat's ghost is heavily damaged.
Ethylacetat's ghost hits you!
* * * LOW HITPOINT WARNING * * *
Ethylacetat's ghost hits you!
You die...

... #.##.##....# # .##
#.##.###.#.#..# #
#.)..##...#...##
####............
#.##......###
#.###.#...# #.# #.#...#
#W###.#...#####.##
####@................
#......).#..(.#####.##
#.###..#...##.#####^# #.
#.....###.......#
####.####.##.###.#######
..........##...).#
#.....).......#######
#..#.########.......#
#..#.# #######.#


You could see Ethylacetat's ghost.

Vanquished Creatures
  An orc wizard (D:3)
  An adder (D:2)
  2 worms (D:2)
  A dart slug (D:1)
  8 orcs (D:3)
  8 bats
  3 giant cockroaches
  8 hobgoblins
  A quokka (D:3)
  2 ball pythons (D:3)
  4 frilled lizards
  9 goblins
  A kobold (D:1)
  8 rats
57 creatures vanquished.

Notes
Turn   | Place    | Note
-------+----------+-------------------------------------------
     0 | D:1      | RedSatellite the Gnoll Skald began the quest for the Orb.
     0 | D:1      | Reached XP level 1. HP: 20/20 MP: 6/6
   189 | D:1      | Reached XP level 2. HP: 26/26 MP: 7/7
   785 | D:1      | Reached XP level 3. HP: 31/31 MP: 9/9
   850 | D:2      | Reached skill level 5 in Spellcasting
  1218 | D:2      | Reached skill level 1 in Invocations
  1486 | D:2      | Reached skill level 1 in Short Blades
  1486 | D:2      | Reached skill level 1 in Long Blades
  1486 | D:2      | Reached skill level 1 in Maces & Flails
  1486 | D:2      | Reached skill level 1 in Polearms
  1486 | D:2      | Reached skill level 1 in Staves
  1486 | D:2      | Reached skill level 1 in Slings
  1486 | D:2      | Reached skill level 1 in Bows
  1486 | D:2      | Reached skill level 1 in Crossbows
  1486 | D:2      | Reached skill level 1 in Throwing
  1486 | D:2      | Reached skill level 1 in Stealth
  1486 | D:2      | Reached skill level 1 in Shields
  1486 | D:2      | Reached skill level 1 in Unarmed Combat
  1486 | D:2      | Reached skill level 1 in Evocations
  1887 | D:2      | Reached XP level 4. HP: 38/38 MP: 11/11
  2194 | D:3      | Reached skill level 1 in Conjurations
  2194 | D:3      | Reached skill level 1 in Hexes
  2194 | D:3      | Reached skill level 1 in Summonings
  2194 | D:3      | Reached skill level 1 in Necromancy
  2194 | D:3      | Reached skill level 1 in Translocations
  2194 | D:3      | Reached skill level 1 in Transmutations
  2194 | D:3      | Reached skill level 1 in Fire Magic
  2194 | D:3      | Reached skill level 1 in Ice Magic
  2194 | D:3      | Reached skill level 1 in Air Magic
  2194 | D:3      | Reached skill level 1 in Earth Magic
  2194 | D:3      | Reached skill level 1 in Poison Magic
  2206 | D:3      | Noticed Ethylacetat's ghost (amateur DrTm)
  2229 | D:3      | Slain by Ethylacetat's ghost

Skill      XL: |  1  2  3  4 |
---------------+-------------+-----
Spellcasting   | 5 |  5.1
Invocations    | 1 |  1.4
Short Blades   | 1 |  1.2
Long Blades    | 1 |  1.2
Maces & Flails | 1 |  1.2
Polearms       | 1 |  1.2
Staves         | 1 |  1.2
Slings         | 1 |  1.2
Bows           | 1 |  1.2
Crossbows      | 1 |  1.2
Throwing       | 1 |  1.2
Stealth        | 1 |  1.2
Shields        | 1 |  1.2
Unarmed Combat | 1 |  1.2
Evocations     | 1 |  1.2
Conjurations   | 1 |  1.0
Hexes          | 1 |  1.0
Summonings     | 1 |  1.0
Necromancy     | 1 |  1.0
Translocations | 1 |  1.0
Transmutations | 1 |  1.0
Fire Magic     | 1 |  1.0
Ice Magic      | 1 |  1.0
Air Magic      | 1 |  1.0
Earth Magic    | 1 |  1.0
Poison Magic   | 1 |  1.0
Fighting       | |  4.7
Axes           | |  4.7
Armour         | |  2.8
Dodging        | |  4.7
Charms         | |  5.5

Action                   |  1- 3 |  4- 6 || total
-------------------------+-------+-------++-------
Melee: Hand axe          |   116 |    64 ||   180
       Bite              |    11 |     4 ||    15
       Punch             |     1 |       ||     1
 Cast: Infusion          |     2 |     2 ||     4
  Use: Potion            |     1 |       ||     1
  Eat: Ration            |     1 |       ||     1
Armor: Ring mail         |    24 |       ||    24
       Chain mail        |    12 |    25 ||    37
Dodge: Dodged            |    80 |    22 ||   102
